 Dungeon Crawl Stone Soup version 0.26-a0-665-gefeb406119 (webtiles) character file.

Game seed: 17138827437014710099

2 jasper the Sneak (level 1, -2/20 HPs)
             Began as a Palentonga Delver on Oct 13, 2020.
             Slain by a worker ant (5 damage)
             ... on level 6 of the Dungeon.
             The game lasted 00:00:46 (330 turns).

jasper the Sneak (Palentonga Delver)                 Turns: 330, Time: 00:00:47

Health: -2/20      AC:  4    Str: 15    XL:     1   Next: 25%
Magic:  1/1        EV:  9    Int: 10    God:
Gold:   23         SH:  0    Dex: 11    Spells: 0/0 levels left

rFire    . . .     SeeInvis +   a - +0 hand axe
rCold    . . .     Faith    .   (no shield)
rNeg     . . .     Spirit   .   b - +0 leather armour
rPois    .         Reflect  .   (no helmet)
rElec    .         Harm     .   (no cloak)
rCorr    .         Rampage  .   (no gloves)
MR       .....                  (no barding)
Stlth    ++........             (no amulet)
HPRegen  0.06/turn              (no ring)
MPRegen  0.07/turn              (no ring)

@: lethally poisoned (-2 -> -13), hasted, very quick
A: large, rugged brown scales 3, see invisible, deformed body, roll, armoured
tail
a: Rolling Charge


You were on level 6 of the Dungeon.
You visited 1 branch of the dungeon, and saw 2 of its levels.

You collected 23 gold pieces.

Inventory:

Hand Weapons
 a - a +0 hand axe (weapon)
Armour
 b - a +0 leather armour (worn)
Wands
 g - a wand of digging (3)
Scrolls
 c - a scroll of fog
 d - a scroll of magic mapping
 e - a scroll of fear
Potions
 f - a potion of haste


   Skills:
 - Level 3.0 Fighting
 + Level 2.2 Axes
 - Level 1.5 Dodging
 - Level 3.3 Stealth


You couldn't memorise any spells.
You didn't know any spells.
Your spell library was empty.

Dungeon Overview and Level Annotations

Branches:
Dungeon (6/15)
 Temple: D:4-7

Altars:

Annotations:
D:5 1 runed translucent door, Dowan; Duvessa; hyperwheals's ghost, novice KoGl


Innate Abilities, Weirdness & Mutations

You are completely covered in rugged brown scales. (AC +3, +7% HP)
You have supernaturally acute eyesight. (SInv)
Armour fits poorly on your strangely shaped body.
You can roll at foes to attack.
You have a long armoured tail.


Message History

The worker ant bites you.
You are lethally poisoned!
The worker ant poisons you!
You take 5 damage, and have 8/20 hp.
MASSIVE DAMAGE!!
You barely miss the worker ant.
The worker ant is lightly wounded.
You feel sick. The worker ant bites you.
* * * LOW HITPOINT WARNING * * *
You take 4 damage, and have 4/20 hp.
Unknown command.
Okay, then.
You closely miss the worker ant.
The worker ant is lightly wounded.
* * * LOW HITPOINT WARNING * * *
You feel sick. The worker ant closely misses you.
You take 1 damage, and have 3/20 hp.
You barely miss the worker ant.
The worker ant is lightly wounded.
The worker ant bites you.
You die...

....### ##...# ......## ##....#
.......###.....# ........##....##
......<.......# . .#............#
######.. ###...........#
########.......
.###..........#####........#####.
..###..##.......@B..########
...########...##...## #...#
##..####....### ##..## #..##
#......## ##..####..# #.......#
##..##..## #.......# ##....##
#.......# ##...# ##.(...## ##.##
#....##


You could see a worker ant.

Vanquished Creatures
  A leopard gecko (D:6)
1 creature vanquished.

Notes
Turn   | Place    | Note
-------+----------+-------------------------------------------
     0 | D:5      | jasper the Palentonga Delver began the quest for the Orb.
     0 | D:5      | Reached XP level 1. HP: 20/20 MP: 1/1
     0 | D:5      | Noticed Dowan
     4 | D:5      | Noticed Duvessa
     7 | D:5      | Found a runed translucent door.
     7 | D:5      | Noticed hyperwheals's ghost (novice KoGl)
   190 | D:6      | Noticed a sky beast
   307 | D:6      | Noticed a worker ant
   330 | D:6      | Slain by a worker ant

Illustrated notes

Levels and vault maps discovered:
D:5:      layout_gridville, ebering_ghost_sewer_f, uniq_duvessa
D:6:      layout_cave_pods, minmay_temple_entry_mini_moons, ashenzari_altar_1

Action                   || total
-------------------------++-------
Melee: Hand axe          ||     9
 Abil: Rolling Charge    ||     3
  Use: Potion            ||     1
Dodge: Dodged            ||     1

Table legend: (Time is in decaauts)
 A = Elapsed time spent in this place.
 B = Non-inter-level travel time spent in this place.
 C = Inter-level travel time spent in this place.
 D = Time resting spent in this place.
 E = Time spent auto-exploring this place.
 F = Levels seen in this place.
 G = Mean time per level.
                   A        B        C        D        E       F      G
               +--------+--------+--------+--------+--------+-----+--------+
         Total |    326 |    326 |      0 |     99 |    130 |   2 |  163.0 |
       Dungeon |    326 |    326 |      0 |     99 |    130 |   2 |  163.0 |
               +--------+--------+--------+--------+--------+-----+--------+

Top non-repeatable levels by time:
     D:6: 303 daAuts
     D:5: 23 daAuts
